 Dungeon Crawl Stone Soup version 0.27.1-33-g824d729ab1 (webtiles) character file.

Game seed: 3925101712260808968

352 zeram the Caller (level 6, -2/32 HPs)
             Began as a Deep Elf Summoner on Nov 27, 2021.
             Slain by a killer bee (7 damage)
             ... on level 5 of the Dungeon.
             The game lasted 00:14:24 (5453 turns).

zeram the Caller (Deep Elf Summoner)                Turns: 5453, Time: 00:14:25

Health: -2/32      AC:  3    Str:  5    XL:     6   Next: 35%
Magic:  7/17       EV: 17    Int: 28    God:
Gold:   150        SH:  0    Dex: 15    Spells: 11/17 levels left

rFire    . . .     SeeInvis +   r - +0 whip (freeze)
rCold    . . .     Faith    .   (no shield)
rNeg     . . .     Spirit   .   a - +1 robe
rPois    +         Reflect  .   (no helmet)
rElec    .         Harm     .   (no cloak)
rCorr    +         Rampage  .   (no gloves)
Will     .....                  (no boots)
Stlth    ++........             k - amulet of Wu Jian's Inspiration {Acrobat *Slow rPois rCorr SInv}
HPRegen  0.10/turn              b - +6 ring of intelligence
MPRegen  0.15/turn              e - +4 ring of evasion

@: lethally poisoned (-2 -> -9)
A: no striking features
a: no special abilities


You were on level 5 of the Dungeon.
You visited 1 branch of the dungeon, and saw 5 of its levels.
You also visited: Sewer.

You collected 150 gold pieces.

Inventory:

Hand Weapons
 f - a +1 whip
 r - a +0 whip of freezing (weapon)
Armour
 a - a +1 robe (worn)
Jewellery
 b - a +6 ring of intelligence (left hand)
 e - a +4 ring of evasion (right hand)
 i - a ring of fire
 k - the amulet of Wu Jian's Inspiration (around neck) {Acrobat *Slow rPois rCorr SInv}
   (You acquired it on level 4 of the Dungeon)

   [amulet of the acrobat]

   It increases your evasion while moving and waiting.
   rPois:     It protects you from poison.
   SInv:      It lets you see invisible.
   rCorr:     It protects you from acid and corrosion.
   *Slow:     It may slow you when you take damage.
 l - a ring of resist corrosion
Wands
 d - a wand of acid (26)
Scrolls
 j - 3 scrolls of teleportation
Potions
 c - 3 potions of curing
 g - a potion of haste
 h - a potion of attraction
 m - a potion of berserk rage
 n - 2 potions of flight
 o - a potion of degeneration
 q - a potion of mutation


   Skills:
 + Level 3.4 Dodging
 - Level 2.4 Stealth
 + Level 6.0 Spellcasting
 + Level 6.8 Summonings


You had 11 spell levels left.
You knew the following spells:

 Your Spells              Type           Power      Damage    Failure   Level
a - Summon Small Mammal   Summ           100%       N/A       1%          1
b - Call Imp              Summ           46%        N/A       1%          2
c - Call Canine Familiar  Summ           46%        N/A       1%          3

Your spell library contained the following spells:

 Spells                   Type           Power      Damage    Failure   Level
 Summon Guardian Golem    Hex/Summ       27%        N/A       4%          3
 Animate Armour           Summ/Erth      54%        N/A       14%         4
 Summon Lightning Spire   Summ/Air       27%        N/A       14%         4
 Stone Arrow              Conj/Erth      16%        3d8       19%         3
 Lehudib's Crystal Spear  Conj/Erth      4%         10d3      100%        8


Dungeon Overview and Level Annotations

Branches:
Dungeon (5/15)              Sewer (visited)
 Temple: D:4-7

Altars:
Ru

Shops:
D:2 [:[*


Message History

Your shadow imp dies!
Your shadow imp disappears in a puff of smoke!
Your wolf bites the ogre.
The ogre closely misses your wolf.
Your wolf bites the ice beast but does no damage.
Your wolf bites the ice beast but does no damage.
There is an open door here.
As you read the scroll of teleportation, it crumbles to dust.
You feel strangely unstable.
The ice beast hits you but does no damage.
Your wolf bites the ice beast but does no damage.
Your wolf bites the ogre.
Your wolf completely misses the ogre.
The ogre hits your wolf with a +0 giant spiked club!
Your surroundings suddenly seem different.
A sky beast comes into view.
Found 15 stones and 10 gold pieces.
You start putting on your amulet.
You continue putting on the amulet of Wu Jian's Inspiration {Acrobat *Slow rPois rCorr SInv}. x5
You finish putting on the amulet of Wu Jian's Inspiration {Acrobat *Slow rPois rCorr SInv}.
You feel ready to tumble and roll out of harm's way.
k - the amulet of Wu Jian's Inspiration (around neck) {Acrobat *Slow rPois rCorr SInv} A killer bee comes into view.
A killer bee comes into view.
The killer bee buzzes angrily.
You start resting.
A killer bee is nearby!
Casting: Call Canine Familiar (safe; 1% risk of failure)
Confirm with . or Enter, or press ? or * to list all spells.
The killer bee stings you!
* * * LOW HITPOINT WARNING * * *
You are lethally poisoned!
The killer bee poisons you! The killer bee completely misses you.
Unknown command.
Casting: Call Canine Familiar (safe; 1% risk of failure)
Confirm with . or Enter, or press ? or * to list all spells.
* * * LOW HITPOINT WARNING * * *
You feel sick.
Your wolf disappears in a puff of smoke!
The killer bee stings you!
You die...

#..........#≈≈#≈≈
####...##.≈#≈≈≈≈#
#... #.≈≈#≈≈≈≈
#... #.#≈≈≈≈≈≈
### #.##≈≈#≈#
#..#≈≈≈≈
####..#≈#≈≈≈
#hy.....####
#@##........
#.####..#.## .§#
...... .#..
....y# #....
.#...# # ....
##.. ..## ...#


You could see a killer bee (ally target) and a friendly wolf (summoned).

Vanquished Creatures
  2 adders
  A dart slug (D:4)
  3 ball pythons
  3 endoplasms
  2 giant cockroaches
  2 goblins
  2 hobgoblins
  2 jackals (D:1)
  3 bats
20 creatures vanquished.

Vanquished Creatures (collateral kills)
  Edmund (D:4)
  A water moccasin (D:5)
  Purgy (Sewer)
  A black bear (D:5)
  A bullfrog skeleton (D:4)
  An orc priest (D:5)
  2 iguanas (D:4)
  An orc wizard (D:5)
  2 adders
  2 worms
  A dart slug (D:1)
  2 orcs (D:5)
  5 ball pythons
  6 bats
  5 endoplasms
  4 giant cockroaches
  2 hobgoblins
  2 jackals (D:1)
  2 kobolds
  A frilled lizard (D:1)
  3 goblins
46 creatures vanquished.

Grand Total: 66 creatures vanquished

Notes
Turn   | Place    | Note
-------+----------+-------------------------------------------
     0 | D:1      | zeram the Deep Elf Summoner began the quest for the Orb.
     0 | D:1      | Reached XP level 1. HP: 10/10 MP: 6/6
   525 | D:1      | Reached XP level 2. HP: 7/15 MP: 4/8
   715 | D:1      | Learned a level 2 spell: Call Imp
   743 | D:1      | Found a faded altar of an unknown god.
   797 | D:1      | Reached skill level 5 in Summonings
  1322 | D:2      | Found Poidden's General Store.
  1323 | D:2      | Found Zeco's Antique Armour Shoppe.
  1839 | D:2      | Reached XP level 3. HP: 19/19 MP: 9/9
  1848 | D:2      | Learned a level 3 spell: Call Canine Familiar
  2118 | D:2      | Found Ecoucobb's Book Shop.
  2204 | D:2      | Found Lyutisohar's Antique Armour Boutique.
  2899 | D:3      | Found a glowing drain.
  2908 | Sewer    | Entered a sewer
  2988 | Sewer    | Noticed Purgy
  2996 | Sewer    | Killed Purgy
  2997 | Sewer    | Reached XP level 4. HP: 24/24 MP: 8/12
  4290 | D:4      | Reached XP level 5. HP: 28/28 MP: 10/13
  4363 | D:4      | Noticed Edmund
  4410 | D:4      | Killed Edmund
  4411 | D:4      | Reached skill level 5 in Spellcasting
  4516 | D:4      | Found a sacrificial altar of Ru.
  4924 | D:4      | Identified a scroll of acquirement
  4924 | D:4      | Acquired the amulet of Wu Jian's Inspiration {Acrobat *Slow
                  | rPois rCorr SInv}
  5173 | D:5      | Entered Level 5 of the Dungeon
  5192 | D:5      | Noticed a water moccasin
  5211 | D:5      | Killed a water moccasin
  5212 | D:5      | Reached XP level 6. HP: 32/32 MP: 7/16
  5417 | D:5      | Noticed an ice beast
  5431 | D:5      | Noticed a sky beast
  5453 | D:5      | Slain by a killer bee

Illustrated notes

Levels and vault maps discovered:
D:1:      dpeg_arrival_rooms_a, layout_basic,
          hellmonk_ecumenical_altar_dog_temple
D:2:      layout_basic, serial_shops, nicolae_shop_trees, shop,
          nicolae_shop_overgrown_old_shop, nicolae_shop_stone,
          hangedman_feature_mirror, kennysheep_crisscross
D:3:      layout_basic, cheibrodos_sewer_entry_bend
D:4:      layout_loops_ring, mainiacjoe_overflow_paths, uniq_edmund
D:5:      layout_loops_corners, trog_three_pillars_becter, jmf_multi_god_temple,
          minivault_4

Skill      XL: |  1  2  3  4  5  6 |
---------------+-------------------+-----
Summonings     | 5 6 |  6.8
Dodging        | 3 |  3.4
Spellcasting   | 4 5 6 |  6.0
Stealth        | |  2.4

Action                   |  1- 3 |  4- 6 || total
-------------------------+-------+-------++-------
Melee: Unarmed           |     9 |       ||     9
       Whip              |    75 |    46 ||   121
 Cast: Summon Small Mamm |    14 |       ||    14
       Call Imp          |    18 |    26 ||    44
       Call Canine Famil |     3 |    17 ||    20
  Use: Scroll            |     6 |     9 ||    15
       Potion            |     2 |     1 ||     3
 Stab: Sleeping          |     4 |     2 ||     6
       Distracted        |       |     1 ||     1
Armor: Robe              |    14 |     6 ||    20
Dodge: Dodged            |   101 |    41 ||   142
